 Dungeon Crawl Stone Soup version 0.26.0-3-g156281e41b (webtiles) character file.

Game seed: 11340579860367418735

6383 teolandon225 the Cleaver (level 10, -6/91 HPs)
             Began as a Minotaur Berserker on Jan 10, 2021.
             Was an Elder of Trog.
             Killed from afar by an electric eel (9 damage)
             ... with a bolt of electricity
             ... on level 8 of the Dungeon.
             The game lasted 00:25:30 (10036 turns).

teolandon225 the Cleaver (Minotaur Berserker)      Turns: 10036, Time: 00:25:30

Health: -6/91      AC: 11    Str: 24    XL:     10   Next: 65%
Magic:  9/9        EV: 12    Int:  4    God:    Trog [****..]
Gold:   562        SH:  0    Dex: 11    Spells: 9/9 levels left

rFire    . . .     SeeInvis .   n - +0 broad axe
rCold    . . .     Faith    .   (no shield)
rNeg     . . .     Spirit   .   j - +0 chain mail
rPois    .         Reflect  .   (helmet restricted)
rElec    .         Harm     .   g - scarf {repulsion}
rCorr    .         Rampage  .   (no gloves)
Will     +....                  (no boots)
Stlth    ..........             (no amulet)
HPRegen  0.25/turn              y - ring of willpower
MPRegen  0.11/turn              (no ring)

@: repel missiles
A: retaliatory headbutt, horns 2
a: Renounce Religion, Berserk, Trog's Hand, Brothers in Arms


You were on level 8 of the Dungeon.
You worshipped Trog.
Trog was greatly pleased with you.
You visited 1 branch of the dungeon, and saw 9 of its levels.
You also visited: Ossuary.

You collected 562 gold pieces.

Inventory:

Hand Weapons
 a - a +0 hand axe
 k - a +0 war axe of freezing
 n - a +0 broad axe (weapon)
Armour
 g - a scarf of repulsion (worn)
 j - a +0 chain mail (worn)
 w - a cursed +0 robe
Jewellery
 i - an uncursed ring of ice
 y - a ring of willpower (left hand)
Wands
 h - a wand of paralysis (9)
 p - a wand of iceblast (7)
 x - a wand of digging (2)
Scrolls
 c - 4 scrolls of identify
 d - 5 scrolls of remove curse
 o - a scroll of fear
 q - a scroll of acquirement {unknown}
 s - a scroll of fog {unknown}
 v - 2 scrolls of magic mapping
Potions
 b - 4 potions of invisibility
 e - a potion of experience {unknown}
 l - 4 potions of curing
 m - 5 potions of heal wounds
 r - 2 potions of lignification {unknown}
 t - a potion of cancellation
 u - a potion of haste


   Skills:
 + Level 9.4 Fighting
 * Level 12.5 Axes
 + Level 9.1 Armour
 + Level 8.2 Dodging


You had 9 spell levels left.
You didn't know any spells.
Your spell library was empty.

Dungeon Overview and Level Annotations

Branches:
Dungeon (9/15)             Temple (0/1) D:6            Lair (0/6) D:8
Ossuary (visited)
    Orc: D:9-12

Altars:
Cheibriados
Elyvilon
Hepliaklqana
Kikubaaqudgha
Makhleb
Nemelex Xobeh
Okawaru
Uskayaw
Wu Jian

Shops:
D:8 =[(

Annotations:
D:5 exclusion: downstairs
D:6 exclusion: downstairs
D:7 exclusion: downstairs


Innate Abilities, Weirdness & Mutations

You reflexively headbutt those who attack you in melee.
You have a pair of horns on your head.


Message History

The bolt of electricity hits you! x2
Found a staircase to the Lair.
You closely miss the electric eel.
A hound comes into view.
A scorpion comes into view.
The electric eel shoots out a bolt of lightning at you!
The bolt of electricity hits you!
The electric eel shoots out a bolt of lightning at you!
The bolt of electricity hits you! x2
* * * LOW HITPOINT WARNING * * *
The wolf bites you.
* * * LOW HITPOINT WARNING * * *
Blink to where?
Press: ? - help, Dir - move target
As you read the scroll labelled SESKIFUNLE, it crumbles to dust.
It was a scroll of blinking.
The electric eel shoots out a bolt of lightning at you!
The bolt of electricity hits you!
* * * LOW HITPOINT WARNING * * *
The bolt of electricity hits you!
You die...

...≈≈≈≈h≈≈≈≈≈≈≈# #.#.#
...≈≈h≈≈≈≈≈≈≈.≈# #...#
..≈≈.≈.≈≈≈≈≈...# #.∩.#
....≈.≈;.≈;≈≈..# #...#
.≈....≈h≈......# #.#.#
.......h≈..$.≈.# #.#.#
.(.............# #...#
#########.##########.#
#....@..†.......#
#..############### #.
#. .. #


You could see 3 wolves and an electric eel.

Vanquished Creatures
  A two-headed ogre (D:8)
  A troll (D:8)
  A hornet (D:9)
  2 wyverns
  A yak (D:7)
  3 hogs (D:7)
  A human (D:7)
  Edmund (D:4)
  Menkaure (D:6)
  Duvessa (D:7)
  An ice beast (D:6)
  A sky beast (D:9)
  2 black bears (D:7)
  3 phantoms
  4 ogres
  3 centaurs (D:5)
  4 bullfrogs
  A water moccasin zombie (D:6)
  A wyvern skeleton (D:7)
  2 water moccasin skeletons
  Dowan (D:7)
  10 killer bees (D:9)
  2 scorpions
  3 bullfrog zombies (Ossuary)
  2 centaur zombies (Ossuary)
  7 hounds
  7 jellies
  2 orc priests
  6 orc wizards
  3 bullfrog skeletons
  An iguana (D:7)
  8 worker ants
  A killer bee zombie (Ossuary)
  3 hound zombies (Ossuary)
  14 mummies (Ossuary)
  3 howler monkey zombies (Ossuary)
  2 worker ant zombies (Ossuary)
  2 howler monkey skeletons
  14 adders
  A shadow imp (D:5)
  A white imp (D:7)
  An ufetubus (D:7)
  An ooze (D:2)
  An adder skeleton (D:4)
  3 adder zombies (Ossuary)
  2 worms
  A dart slug (D:1)
  2 leopard geckos
  31 orcs
  A ball python (D:5)
  8 giant cockroaches
  9 goblins
  6 hobgoblins
  19 jackals
  5 quokkas
  17 bats
  5 frilled lizards
  A jackal skeleton (D:8)
  8 kobolds
  A leopard gecko zombie (Ossuary)
  2 quokka zombies (Ossuary)
  16 rats
268 creatures vanquished.

Vanquished Creatures (collateral kills)
  A centaur (D:9)
1 creature vanquished.

Vanquished Creatures (others)
  5 withered plants (Ossuary)
5 creatures vanquished.

Grand Total: 274 creatures vanquished

Notes
Turn   | Place    | Note
-------+----------+-------------------------------------------
     0 | D:1      | teolandon225 the Minotaur Berserker began the quest for the
                  | Orb.
     0 | D:1      | Reached XP level 1. HP: 19/19 MP: 0/0
   379 | D:1      | Reached XP level 2. HP: 27/27 MP: 1/1
   394 | D:1      | Reached skill level 4 in Axes
   716 | D:1      | Reached XP level 3. HP: 33/33 MP: 2/2
  1137 | D:2      | Found a snail-covered altar of Cheibriados.
  1195 | D:2      | Reached ** piety under Trog
  1246 | D:2      | Found a sparkling altar of Nemelex Xobeh.
  1315 | D:2      | Reached XP level 4. HP: 40/40 MP: 3/3
  1656 | D:2      | Reached skill level 5 in Axes
  1856 | D:2      | Found an ancient bone altar of Kikubaaqudgha.
  2054 | D:3      | Found a faded altar of an unknown god.
  2410 | D:3      | Reached XP level 5. HP: 47/47 MP: 4/4
  2448 | D:3      | Reached *** piety under Trog
  3202 | D:4      | Reached XP level 6. HP: 52/55 MP: 5/5
  3307 | D:4      | Reached skill level 5 in Fighting
  3307 | D:4      | Reached skill level 6 in Axes
  3640 | D:4      | Noticed Edmund
  3651 | D:4      | Killed Edmund
  3652 | D:4      | Reached XP level 7. HP: 61/61 MP: 6/6
  3685 | D:4      | Reached skill level 7 in Axes
  3972 | D:4      | Reached **** piety under Trog
  3973 | D:4      | Reached skill level 5 in Armour
  4117 | D:5      | Entered Level 5 of the Dungeon
  4180 | D:5      | Found a sand-covered staircase.
  4262 | Ossuary  | Entered an ossuary
  4395 | Ossuary  | Reached XP level 8. HP: 61/70 MP: 7/7
  4412 | Ossuary  | Reached skill level 8 in Axes
  4412 | Ossuary  | Reached skill level 5 in Dodging
  5699 | D:5      | Reached skill level 9 in Axes
  6354 | D:6      | Noticed Menkaure
  6358 | D:6      | Reached XP level 9. HP: 39/79 MP: 8/8
  6675 | D:6      | Found a white marble altar of Elyvilon.
  6675 | D:6      | Found a hazy altar of Hepliaklqana.
  6675 | D:6      | Found a hide-covered altar of Uskayaw.
  6675 | D:6      | Found an iron altar of Okawaru.
  6813 | D:6      | Killed Menkaure
  6861 | D:6      | Found a staircase to the Ecumenical Temple.
  7263 | D:7      | Reached skill level 10 in Axes
  7279 | D:7      | You fall into a shaft and drop 2 floors!
  7565 | D:9      | Reached skill level 11 in Axes
  7987 | D:8      | Found Gisoemef's Weapon Emporium.
  8310 | D:7      | Reached XP level 10. HP: 87/90 MP: 9/9
  8321 | D:7      | Reached ***** piety under Trog
  8598 | D:7      | Noticed Duvessa
  8598 | D:7      | Noticed Dowan
  8618 | D:7      | Killed Dowan
  8677 | D:7      | Killed Duvessa
  9329 | D:7      | Found an ornate altar of the Wu Jian Council.
  9329 | D:7      | Found a burning altar of Makhleb.
  9443 | D:8      | Reached skill level 12 in Axes
  9817 | D:8      | Found Wurirgh's Jewellery Shoppe.
  9825 | D:8      | Noticed a two-headed ogre
  9833 | D:8      | Killed a two-headed ogre
  9994 | D:8      | Found Lysuc's Armour Boutique.
 10034 | D:8      | Found a staircase to the Lair.
 10036 | D:8      | HP: 3/91 [electric eel/bolt of electricity (9)]
 10036 | D:8      | Killed from afar by an electric eel

Illustrated notes

Levels and vault maps discovered:
D:1:      dpeg_arrival_circle_labyrinth_a, layout_basic
D:2:      layout_loops_ring, nicolae_overflow_hidden_temple,
          lemuel_crystal_altar, amcnicky_mini_pool_small,
          nemelex_spade_bored_becter
D:3:      layout_loops_ring, serial_co_window_serial, co_window_paths_a,
          co_window_paths_a, co_window_corner_a, co_window_paths_a,
          co_window_paths_b, co_window_2corner, co_window_of_opportunity_b,
          co_window_unsneaky_path_b, co_window_2corner,
          co_window_of_opportunity_c, co_window_broadway_a, co_window_sun,
          glass_columns_b, chequers_ecumenical_altar_simple
D:4:      layout_rooms, minmay_misc_feat_secret_circle, uniq_edmund
D:5:      layout_loops_corners, enter_ossuary_5
D:6:      layout_loops_ring, chequers_temple_overflow_statue_of_worship,
          minmay_temple_entry_junction_2, uniq_menkaure
D:7:      layout_basic, gammafunk_temple_overflow_wave, grunt_livestock,
          corner_web_ring, kennysheep_generic_room_8, uniq_duvessa
D:8:      layout_loops_ring, zin_academy, erik_lair_island, serial_shops,
          nicolae_shop_stone, shop, nicolae_shop_statue_plus
D:9:      layout_rooms, nicolae_tso_swordbearing_angel

Skill      XL: |  1  2  3  4  5  6  7  8  9 10 |
---------------+-------------------------------+-----
Axes           | 4 5 6 7 9 11 12 | 12.5
Fighting       | 4 5 6 7 8 9 |  9.4
Armour         | 3 4 5 6 8 9 |  9.1
Dodging        | 3 4 6 7 8 |  8.2

Action                   |  1- 3 |  4- 6 |  7- 9 | 10-12 || total
-------------------------+-------+-------+-------+-------++-------
Melee: Hand axe          |    95 |   216 |   293 |       ||   604
       Headbutt          |    14 |    38 |    92 |    16 ||   160
       Broad axe         |       |       |    94 |    93 ||   187
Invok: Berserk           |     1 |     4 |     4 |     2 ||    11
       Trog's Hand       |       |     2 |     4 |     2 ||     8
       Brothers in Arms  |       |       |     1 |     1 ||     2
  Use: Scroll            |       |     6 |    10 |     1 ||    17
 Stab: Distracted        |       |       |     1 |       ||     1
Armor: Animal skin       |    16 |       |       |       ||    16
       Ring mail         |    16 |     9 |       |       ||    25
       Leather armour    |     1 |       |       |       ||     1
       Chain mail        |       |    89 |   109 |    36 ||   234
       Scale mail        |       |       |    37 |       ||    37
Dodge: Dodged            |    76 |    84 |   211 |    58 ||   429
       Repelled          |       |       |     2 |     2 ||     4
